Map: Port Aleksander LE

Players

Rail

  • Race: Protoss Protoss
  • League: Grandmaster
  • Spawn Location: 11:00

Serral - Winner!

  • Race: Zerg Zerg
  • League: Master
  • Spawn Location: 5:00

Event: 2019 WCS Winter Europe

VOD

Have the link to the VOD?

Description

Time

  • Played on: Feb. 17, 2019, 9:11 a.m.
  • Length: 10:27

All games in this series

Show
View Real Time Build Order
Export as new Build Order

Rail Protoss 

Build Orders: 1 Gate Expand, Oracle Opening, Archon Immortal 

Get SALT Encoding   

  12  0:00  Probe  
  13  0:12  Probe  
  14  0:18  Pylon  
  14  0:24  Probe  
  15  0:32  Probe  
  15  0:39  Gateway  
  15  0:40  Probe  
  16  0:48  Assimilator  
  17  0:51  Probe  
  18  1:03  Probe  
  19  1:15  Probe  
  20  1:26  Nexus  
  20  1:35  Cybernetics Core  
  20  1:38  Probe  
  21  1:43  Assimilator  
  21  1:50  Probe  
  21  1:53  Pylon  
  22  2:02  Probe  
  23  2:10  Probe  
  23  2:12  Stalker, Warp Gate  
  26  2:18  Probe  
  26  2:28  Probe  
  26  2:29  Stargate  
  27  2:34  Probe  
  27  2:36  Probe  
  28  2:42  Probe  
  30  2:45  Probe  
  30  2:48  Adept  
  34  2:52  Probe  
  35  2:59  Gateway  
  35  3:01  Probe  
  35  3:04  Probe  
  37  3:12  Oracle  
  40  3:13  Probe x2  
  42  3:20  Pylon  
  42  3:21  Probe  
  42  3:25  Probe  
  44  3:30  Assimilator, Probe  
  45  3:34  Assimilator  
  45  3:38  Probe  
  46  3:43  Probe  
  46  3:45  Pylon  
  47  3:53  Nexus  
  47  3:54  Probe  
  48  3:57  Probe  
  49  4:06  Robotics Facility  
  49  4:08  Probe, Robotics Facility  
  50  4:10  Probe  
  50  4:14  Shield Battery  
  51  4:20  Probe  
  51  4:21  Adept  
  51  4:23  Probe, Pylon  
  55  4:27  Sentry  
  55  4:30  Pylon  
  57  4:32  Probe  
  57  4:36  Probe  
  59  4:42  Sentry  
  59  4:44  Phoenix, Probe  
  64  4:48  Probe  
  65  4:53  Immortal  
  65  4:57  Observer, Probe  
  71  5:00  Probe  
  71  5:01  Probe  
  71  5:05  Probe  
  73  5:08  Probe  
  73  5:10  Probe  
  73  5:13  Probe  
  76  5:16  Forge  
  76  5:18  Forge  
  77  5:21  Robotics Bay  
  77  5:23  Immortal, Probe  
  77  5:26  Probe  
  77  5:28  Probe  
  84  5:35  Probe  
  85  5:36  Pylon  
  85  5:38  Probe  
  85  5:39  Twilight Council  
  85  5:40  Probe  
  85  5:41  Assimilator  
  87  5:44  Assimilator  
  87  5:47  Probe  
  87  5:48  Pylon  
  87  5:49  Protoss Ground Armor Level 1  
  88  5:50  Protoss Ground Weapons Level 1, Probe  
  88  5:54  Probe  
  90  6:00  Gateway x2  
  90  6:04  Probe  
  90  6:07  Colossus, Probe  
  90  6:10  Gateway  
  92  6:16  Charge  
  92  6:17  Colossus  
  98  6:23  Pylon  
  98  6:25  Pylon  
  101  6:37  Photon Cannon  
  101  6:39  Extended Thermal Lance  
  101  6:41  Gateway  
  101  6:42  Gateway  
  101  6:45  Gateway  
  101  6:47  Gateway  
  101  6:56  Immortal, Templar Archives  
  101  6:59  Pylon  
  105  7:03  Gateway  
  105  7:10  Zealot x2  
  105  7:11  Immortal  
  105  7:14  Pylon  
  113  7:22  Zealot  
  115  7:25  Pylon  
  115  7:28  Pylon  
  115  7:29  Pylon  
  115  7:30  Zealot x2, Protoss Shields Level 1  
  115  7:33  High Templar x2, Protoss Ground Weapons Level 2  
  115  7:36  Warp Prism  
  125  7:37  Archon  
  125  7:42  Zealot x2, High Templar x2  
  133  7:49  Pylon  
  133  7:58  Nexus  
  133  7:59  Archon  
  133  8:01  Immortal  
  137  8:06  Stalker  
  137  8:07  Stalker  
  141  8:15  Stalker  
  141  8:16  Stalker  
  145  8:23  Stalker  
  147  8:34  Stalker  
  147  8:37  Stalker x2  
  153  8:43  Probe  
  153  8:45  Probe x2  
  146  8:55  Probe  
  146  8:57  Probe  
  142  9:03  Probe  
  142  9:04  Zealot, High Templar x2  
  142  9:07  Probe  
  151  9:10  Archon  
  151  9:11  Zealot x2  
  151  9:13  Zealot  
  151  9:16  Zealot  
  143  9:23  Zealot  
  141  9:27  Zealot  
  141  9:29  Probe  
  141  9:30  Probe  
  140  9:32  Probe  
  140  9:35  Zealot  
  140  9:38  Probe  
  142  9:41  Probe  
  142  9:42  Probe  
  134  9:55  Zealot x2, High Templar  
  134  9:56  Zealot, High Templar  
  134  9:57  Probe x2  
  142  10:02  Probe  
  142  10:05  Probe x2  
  143  10:08  Archon  
  143  10:10  High Templar x2, Probe  
  150  10:14  Probe  
Show
View Real Time Build Order
Export as new Build Order

Serral Zerg - Winner!

Build Orders: Hatch First 

Get SALT Encoding   

  12  0:00  Drone  
  13  0:12  Overlord  
  13  0:18  Drone  
  14  0:31  Drone x2  
  16  0:49  Hatchery  
  15  0:53  Drone  
  15  0:56  Drone  
  17  1:00  Drone  
  18  1:10  Extractor  
  17  1:15  Spawning Pool  
  16  1:19  Drone  
  16  1:22  Drone  
  18  1:27  Drone  
  19  1:39  Drone  
  20  1:49  Overlord  
  20  2:02  Queen x2  
  20  2:06  Zergling x4  
  26  2:11  Metabolic Boost  
  26  2:12  Drone  
  26  2:15  Drone  
  28  2:23  Drone x2  
  30  2:40  Hatchery  
  29  2:48  Drone  
  29  2:49  Pneumatized Carapace  
  30  2:55  Overlord  
  30  2:57  Drone  
  31  2:58  Drone  
  31  3:00  Drone  
  31  3:02  Drone  
  34  3:10  Drone x2  
  36  3:15  Drone x3  
  39  3:23  Queen  
  39  3:24  Drone  
  42  3:27  Overlord  
  42  3:32  Drone  
  43  3:38  Drone  
  44  3:41  Spore Crawler  
  44  3:42  Drone  
  44  3:48  Spore Crawler, Drone x2  
  43  3:49  Drone x2  
  43  3:50  Drone x2  
  49  3:56  Queen  
  49  3:58  Drone  
  49  4:01  Queen  
  54  4:04  Drone  
  54  4:09  Overlord  
  55  4:12  Drone x2  
  55  4:14  Drone  
  58  4:17  Overlord  
  58  4:21  Overlord  
  58  4:25  Overlord  
  58  4:27  Drone x4  
  58  4:28  Drone  
  63  4:33  Lair, Drone  
  64  4:38  Extractor  
  64  4:39  Extractor  
  64  4:40  Drone x4  
  64  4:42  Drone  
  68  4:45  Drone x2  
  68  4:46  Drone  
  68  4:49  Evolution Chamber  
  68  4:52  Drone x3  
  72  4:57  Drone  
  73  5:02  Extractor, Drone  
  73  5:03  Extractor, Drone  
  73  5:08  Overlord  
  73  5:09  Hatchery, Drone x2  
  73  5:11  Drone x2  
  73  5:14  Drone x3  
  79  5:21  Drone x3  
  79  5:22  Drone  
  79  5:23  Extractor  
  79  5:25  Zerg Missile Weapons Level 1  
  79  5:28  Overlord  
  82  5:30  Hydralisk Den  
  82  5:31  Overlord  
  81  5:36  Zergling x6, Baneling Nest  
  81  5:39  Zergling x2  
  81  5:42  Zergling x6  
  86  5:45  Overlord  
  86  5:46  Zergling x2  
  86  5:47  Zergling x4  
  89  5:53  Zergling x8  
  93  6:01  Grooved Spines  
  93  6:03  Hydralisk x2  
  93  6:04  Overseer  
  97  6:06  Hydralisk  
  99  6:11  Hydralisk x2  
  102  6:21  Spore Crawler, Centrifical Hooks  
  102  6:22  Extractor  
  102  6:23  Queen, Drone x3  
  102  6:24  Drone x5  
  111  6:36  Drone x5  
  111  6:37  Infestation Pit, Spire  
  114  6:40  Extractor x2  
  114  6:44  Evolution Chamber  
  114  6:45  Drone x5  
  116  6:49  Drone x2  
  118  7:01  Drone  
  119  7:02  Overlord  
  119  7:04  Overlord  
  119  7:07  Overlord x2  
  119  7:10  Overlord  
  119  7:11  Overlord  
  119  7:12  Muscular Augments  
  119  7:13  Overlord x3  
  119  7:14  Hive  
  119  7:16  Zerg Melee Weapons Level 1  
  119  7:20  Baneling x4  
  119  7:21  Baneling x4  
  119  7:22  Hydralisk  
  119  7:26  Hydralisk x3  
  127  7:33  Hatchery  
  127  7:36  Zerg Missile Weapons Level 2  
  126  7:44  Hydralisk x5  
  133  7:54  Hydralisk x3  
  133  7:55  Zergling x10  
  144  8:05  Drone x3  
  144  8:06  Drone  
  144  8:07  Corruptor x3  
  153  8:13  Corruptor x2  
  153  8:17  Corruptor x2  
  161  8:23  Corruptor x2  
  165  8:29  Greater Spire  
  165  8:30  Adrenal Glands  
  165  8:37  Hydralisk, Zergling x14  
  174  8:45  Zergling x16  
  174  8:46  Corruptor  
  182  8:51  Overlord  
  182  8:54  Overlord x2  
  182  8:56  Overlord  
  182  9:02  Overlord  
  180  9:13  Corruptor x3  
  180  9:17  Baneling x26  
  186  9:18  Zergling x4  
  186  9:19  Zergling x2  
  189  9:24  Drone x2  
  189  9:25  Drone  
  189  9:27  Extractor  
  189  9:28  Zergling x12  
  189  9:31  Extractor, Zergling x6  
  192  9:36  Zergling x12  
  197  9:41  Drone  
  190  9:48  Zergling x6  
  189  10:08  Baneling x17  
  189  10:09  Baneling x15  
Tags
 
Add a new tag
Caveats
  • Supply blocks, unpowered buildings, or Contaminate may cause inaccurate times.
  • Supply counts are checked every 10 seconds.